 Dungeon Crawl Stone Soup version 0.28-a0-863-g8cecda6153 (webtiles) character file.

Game seed: 3023311899531203471

2680 AvatarAndi78 the Slasher (level 9, -1/88 HPs)
             Began as a Troll Berserker on Nov 18, 2021.
             Was a Priest of Trog.
             Succumbed to AvatarAndi78's ghost's poison
             ... on level 7 of the Dungeon.
             The game lasted 00:15:27 (5129 turns).

AvatarAndi78 the Slasher (Troll Berserker)          Turns: 5129, Time: 00:15:27

Health: -1/88      AC:  8    Str: 27      XL:     9   Next: 37%
Magic:  8/8        EV: 11    Int:  3      God:    Trog [***...]
Gold:   426        SH:  0    Dex: 11 (12) Spells: 8/8 levels left

rFire   + . .      SeeInvis .   d - +6 scimitar
rCold   + . .      Faith    .   (no shield)
rNeg    . . .      Spirit   .   q - +1 steam dragon scales
rPois   .          Reflect  .   (helmet restricted)
rElec   .          Harm     .   h - scarf {rC+ rF+}
rCorr   .          Rampage  .   (gloves unavailable)
Will    ++...      Clarity  +   (boots unavailable)
Stlth   +.........              (no amulet)
HPRegen 2.24/turn               (no ring)
MPRegen 0.11/turn               (no ring)

@: lethally poisoned (-1 -> -23), strong-willed, on berserk cooldown,
regenerating, slowed, very slow
A: large, unfitting armour, claws 3, regeneration 1, shaggy fur 1, tough skin 1,
clarity, noise suppression
a: Renounce Religion, Berserk, Trog's Hand


You were on level 7 of the Dungeon.
You worshipped Trog.
Trog was most pleased with you.
You visited 1 branch of the dungeon, and saw 7 of its levels.

You collected 426 gold pieces.

Inventory:

Hand Weapons
 d - a +6 scimitar (weapon)
 f - a +2 morningstar
 g - a +6 rapier of protection
 p - a +4 hand axe
Armour
 h - a scarf of resistance (worn)
 q - +1 steam dragon scales (worn)
Wands
 b - a wand of polymorph (8)
 k - a wand of mindburst (16)
 l - a wand of charming (7)
 n - a wand of iceblast (8) (quivered)
Scrolls
 a - 3 scrolls of identify
 c - 2 scrolls of fog
 e - 3 scrolls of fear
 o - a scroll of holy word
Potions
 i - a potion of magic {unknown}
 j - a potion of might


   Skills:
 + Level 5.2 Fighting
 + Level 6.6 Long Blades
 + Level 5.2 Axes
 + Level 5.3 Dodging
 + Level 1.0 Stealth
 + Level 0.1 Evocations


You had 8 spell levels left.
You didn't know any spells.
Your spell library was empty.

Dungeon Overview and Level Annotations

Branches:
Dungeon (7/15)             Temple (0/1) D:4

Altars:
Cheibriados
Dithmenos
Kikubaaqudgha
Nemelex Xobeh
Wu Jian

Annotations:
D:7 1 transporter, AvatarAndi78's ghost, novice DsBe


Innate Abilities, Weirdness & Mutations

You are too large for most types of armour.
You have claws for hands.
Your natural rate of healing is unusually fast.
You are covered in fur. (AC +1)
You have tough skin. (AC +1)
You possess an exceptional clarity of mind.
You passively dampen the noise of your surroundings.


Message History

The quasit bites you but does no damage.
The quasit claws you but does no damage.
The quasit claws you.
You feel clumsy.
You hit AvatarAndi78's ghost.
AvatarAndi78's ghost is moderately damaged.
You feel extremely sick. The quasit completely misses you.
The quasit claws you but does no damage. x2
The quasit bites you.
The quasit claws you but does no damage. x2
AvatarAndi78's ghost hits you!
You are more poisoned.
The quasit bites you but does no damage.
The quasit claws you but does no damage.
The quasit barely misses you.
You barely miss AvatarAndi78's ghost.
AvatarAndi78's ghost is moderately damaged.
You feel extremely sick.
The quasit bites you but does no damage.
The quasit misses you. The quasit claws you. The quasit closely misses you. x2
The quasit claws you but does no damage.
The quasit bites you but does no damage.
The quasit claws you but does no damage. x2
AvatarAndi78's ghost hits you!
* * * LOW HITPOINT WARNING * * *
You are lethally poisoned!
* * * LOW HITPOINT WARNING * * *
You feel extremely sick.
You feel a strong urge to attack something.
* * * LOW HITPOINT WARNING * * *
You feel extremely sick.
* * * LOW HITPOINT WARNING * * *
You feel extremely sick.
Unknown command.
You are too berserk!
You feel your anger nearly subside.
You are no longer berserk.
You are exhausted.
You feel yourself slow down.
You die...

##.#####.............####.....
### #.......................
#..............#....#...
##.............#....#...
##.........#..##.......
###...................
#))####.©.####.......
##.##..#####..###.....
#..#.@.?.($..#..##....
#.##.##..=###...)#....
#.#....5#.....#.##....
#.#..##W5©..#...#.....
#.#....5.#..##..#.....
#.##..!#...#....#..(..
#..#©...#..5...##.....
##.#####..###.##......
#.....####©###.......


There were no monsters in sight!

Vanquished Creatures
  Sigmund (D:6)
  3 vampire mosquitoes
  A steam dragon (D:7)
  Menkaure (D:6)
  2 water moccasins
  A black bear (D:4)
  A hornet zombie (D:6)
  2 ogres
  2 phantoms (D:7)
  A centaur (D:6)
  A kobold brigand (D:6)
  A scorpion (D:5)
  2 water moccasin zombies (D:5)
  A water moccasin skeleton (D:5)
  5 wights (D:4)
  A quasit (D:7)
  A centaur skeleton (D:7)
  4 hounds
  A bullfrog zombie (D:5)
  2 orc priests
  A jelly (D:6)
  Natasha (thrice) (D:2)
  An iguana (D:4)
  4 orc wizards
  A killer bee zombie (D:7)
  A mummy (D:3)
  A howler monkey zombie (D:7)
  5 adders
  2 worms (D:3)
  2 dart slugs (D:1)
  10 orcs
  6 endoplasms
  A giant cockroach (D:1)
  5 goblins
  13 hobgoblins
  8 jackals
  2 quokkas
  11 ball pythons
  6 bats
  3 frilled lizards
  8 kobolds
  7 rats
135 creatures vanquished.

Notes
Turn   | Place    | Note
-------+----------+-------------------------------------------
     0 | D:1      | AvatarAndi78 the Troll Berserker began the quest for the
                  | Orb.
     0 | D:1      | Reached XP level 1. HP: 22/22 MP: 0/0
   194 | D:1      | Reached XP level 2. HP: 29/29 MP: 1/1
   570 | D:1      | Reached XP level 3. HP: 28/36 MP: 2/2
   575 | D:1      | Reached ** piety under Trog
  1042 | D:2      | Found a faded altar of an unknown god.
  1118 | D:2      | Noticed Natasha
  1126 | D:2      | Killed Natasha
  1127 | D:2      | Reached XP level 4. HP: 33/44 MP: 3/3
  1259 | D:2      | Noticed Natasha
  1268 | D:2      | Killed Natasha
  1393 | D:2      | Noticed Natasha
  1409 | D:2      | Killed Natasha
  1410 | D:2      | Reached XP level 5. HP: 40/53 MP: 4/4
  1558 | D:3      | Found a snail-covered altar of Cheibriados.
  1731 | D:3      | Found an ornate altar of the Wu Jian Council.
  1737 | D:3      | Noticed a spectral centipede
  1737 | D:3      | Noticed a spectral black mamba
  1737 | D:3      | Noticed a spectral cane toad
  1758 | D:3      | Found an ancient bone altar of Kikubaaqudgha.
  1788 | D:3      | Reached *** piety under Trog
  2453 | D:4      | Found a staircase to the Ecumenical Temple.
  2760 | D:4      | Reached XP level 6. HP: 57/61 MP: 5/5
  2881 | D:4      | Reached skill level 5 in Axes
  2881 | D:4      | Reached XP level 7. HP: 20/67 MP: 6/6
  3219 | D:5      | Entered Level 5 of the Dungeon
  3260 | D:5      | Reached skill level 1 in Long Blades
  3495 | D:5      | Reached skill level 2 in Long Blades
  3859 | D:6      | Noticed a vampire mosquito
  3869 | D:6      | Killed a vampire mosquito
  3870 | D:6      | Reached skill level 3 in Long Blades
  3870 | D:6      | Reached XP level 8. HP: 50/78 MP: 7/7
  3920 | D:6      | Noticed Menkaure
  3922 | D:6      | Noticed Sigmund
  3929 | D:6      | Killed Menkaure
  3930 | D:6      | Reached skill level 4 in Long Blades
  3934 | D:6      | Killed Sigmund
  4110 | D:6      | Reached skill level 5 in Long Blades
  4111 | D:6      | HP: 1/118 [ogre (24)]
  4114 | D:6      | Reached skill level 5 in Dodging
  4203 | D:6      | Found a shadowy altar of Dithmenos.
  4314 | D:6      | Reached XP level 9. HP: 49/85 MP: 8/8
  4611 | D:7      | Reached skill level 6 in Long Blades
  4629 | D:7      | Gained mutation: You possess an exceptional clarity of
                  | mind. [potion of mutation]
  4629 | D:7      | Gained mutation: You passively dampen the noise of your
                  | surroundings. [potion of mutation]
  4717 | D:7      | Found a transporter.
  4740 | D:7      | Reached skill level 5 in Fighting
  4750 | D:7      | Found a transporter.
  4793 | D:7      | Found a sparkling altar of Nemelex Xobeh.
  4875 | D:7      | Found a shadowy altar of Dithmenos.
  5011 | D:7      | Noticed AvatarAndi78's ghost (novice DsBe)
  5118 | D:7      | Reached skill level 1 in Stealth
  5129 | D:7      | Succumbed to AvatarAndi78's ghost's poison

Illustrated notes

Levels and vault maps discovered:
D:1:      mainiacjoe_arrival_reflecting_pool, layout_loops_corners
D:2:      layout_rooms, hellmonk_ecumenical_altar_run_dry, hangedman_decor_push,
          uniq_natasha
D:3:      layout_basic, slow_altar_1, pdpol_wu_jian_five_deadly_venoms,
          mainiacjoe_overflow_paths, st_stairs_10, kennysheep_minor_cross
D:4:      layout_loops_ring, minmay_temple_entry_junction_2,
          grunt_decor_one_mirror, hangedman_abyss_or_decor_passed
D:5:      layout_basic, minmay_misc_feat_doors, chequers_serial_rivers_small_b
D:6:      layout_loops_ring, old_standard_altar, uniq_menkaure, uniq_sigmund
D:7:      layout_cave_pools, gammafunk_ghost_stat_death,
          hangedman_feature_mirror

Skill      XL: |  1  2  3  4  5  6  7  8  9 |
---------------+----------------------------+-----
Axes           | 3 4 5 |  5.2
Dodging        | 3 4 5 |  5.3
Fighting       | 3 4 5 |  5.2
Long Blades    | 3 5 6 |  6.6
Stealth        | 1 |  1.0
Evocations     | |  0.1

Action                   |  1- 3 |  4- 6 |  7- 9 || total
-------------------------+-------+-------+-------++-------
Melee: Hand axe          |   134 |   182 |       ||   316
       War axe           |       |    26 |       ||    26
       Scimitar          |       |    13 |   173 ||   186
Invok: Berserk           |     1 |     2 |     5 ||     8
       Trog's Hand       |       |     1 |     6 ||     7
Evoke: Wand              |       |       |     2 ||     2
  Use: Potion            |       |     4 |     1 ||     5
       Scroll            |       |     5 |     4 ||     9
 Stab: Sleeping          |     1 |       |       ||     1
Armor: Animal skin       |    53 |    69 |    36 ||   158
       Steam dragon scal |       |       |    48 ||    48
Dodge: Dodged            |    90 |   113 |   140 ||   343

Table legend: (Time is in decaauts)
 A = Elapsed time spent in this place.
 B = Non-inter-level travel time spent in this place.
 C = Inter-level travel time spent in this place.
 D = Time resting spent in this place.
 E = Time spent auto-exploring this place.
 F = Levels seen in this place.
 G = Mean time per level.
                   A        B        C        D        E       F      G
               +--------+--------+--------+--------+--------+-----+--------+
         Total |   5290 |   4982 |    308 |      0 |   3627 |   7 |  755.7 |
       Dungeon |   5290 |   4982 |    308 |      0 |   3627 |   7 |  755.7 |
               +--------+--------+--------+--------+--------+-----+--------+

Top non-repeatable levels by time:
     D:3: 941 daAuts
     D:1: 893 daAuts
     D:4: 883 daAuts
     D:5: 783 daAuts
     D:6: 638 daAuts
     D:2: 605 daAuts
     D:7: 545 daAuts
